Map: Eastwatch LE

Players

ShoWTimE

  • Race: Protoss Protoss
  • Spawn Location: 1:00

Serral - Winner!

  • Race: Zerg Zerg
  • Spawn Location: 7:00

Event: WCS Leipzig 2018

VOD

Have the link to the VOD?

Description

Time

  • Played on: Jan. 28, 2018, 8:42 a.m.
  • Length: 16:10

All games in this series

Show
View Real Time Build Order
Export as new Build Order

ShoWTimE Protoss 

Build Orders: 1 Gate Expand, Oracle Opening, Phoenix Opening, Archon Immortal 

Get SALT Encoding   

  12  0:00  Probe  
  13  0:12  Probe  
  14  0:19  Pylon  
  14  0:24  Probe  
  15  0:37  Probe (Chrono Boost)  
  16  0:44  Gateway  
  16  0:46  Probe (Chrono Boost)  
  16  0:47  Assimilator  
  17  0:51  Probe (Chrono Boost)  
  18  1:03  Probe  
  19  1:15  Probe  
  20  1:25  Nexus  
  20  1:35  Cybernetics Core  
  20  1:39  Probe  
  21  1:46  Assimilator  
  21  1:52  Probe  
  22  1:55  Pylon  
  22  2:04  Probe  
  23  2:11  Adept (Chrono Boost)  
  25  2:16  Probe  
  25  2:17  Stargate  
  26  2:24  Warp Gate  
  26  2:28  Probe  
  26  2:29  Adept (Chrono Boost)  
  30  2:37  Probe  
  30  2:40  Probe  
  31  2:47  Adept (Chrono Boost)  
  31  2:49  Probe  
  34  2:52  Probe  
  35  2:59  Oracle (Chrono Boost)  
  35  3:01  Probe  
  35  3:04  Probe  
  40  3:11  Pylon  
  40  3:13  Probe  
  40  3:16  Probe  
  42  3:25  Probe  
  43  3:27  Gateway  
  43  3:28  Probe  
  43  3:30  Phoenix (Chrono Boost)  
  46  3:38  Gateway  
  46  3:41  Probe  
  46  3:42  Probe  
  48  3:50  Pylon  
  48  3:54  Probe (Chrono Boost)  
  50  3:56  Probe (Chrono Boost)  
  50  3:57  Pylon  
  50  4:00  Assimilator  
  50  4:06  Probe (Chrono Boost), Assimilator  
  50  4:09  Probe (Chrono Boost)  
  52  4:10  Probe (Chrono Boost)  
  52  4:13  Robotics Facility  
  53  4:17  Probe  
  53  4:20  Probe  
  55  4:29  Probe  
  55  4:31  Twilight Council, Forge  
  56  4:32  Probe  
  57  4:41  Adept x2  
  57  4:42  Probe  
  62  4:47  Probe  
  62  4:50  Sentry  
  65  4:54  Probe  
  65  4:57  Pylon, Warp Prism (Chrono Boost)  
  65  4:59  Probe  
  69  5:08  Nexus  
  69  5:10  Pylon  
  69  5:12  Protoss Ground Weapons Level 1  
  69  5:13  Probe  
  70  5:15  Probe  
  70  5:17  Sentry x2  
  70  5:19  Charge (Chrono Boost)  
  75  5:25  Probe  
  76  5:31  Observer  
  76  5:33  Gateway  
  76  5:34  Phoenix  
  77  5:40  Probe, Gateway  
  77  5:42  Probe  
  79  5:43  Gateway  
  79  5:47  Templar Archives  
  79  5:53  Probe  
  79  5:54  Probe, Pylon  
  81  6:01  Immortal  
  85  6:05  Probe  
  86  6:12  Probe  
  86  6:17  Probe (Chrono Boost)  
  88  6:21  Probe (Chrono Boost)  
  88  6:24  Probe (Chrono Boost)  
  90  6:26  Psionic Storm, Phoenix x2  
  90  6:28  Assimilator  
  90  6:29  Probe (Chrono Boost)  
  90  6:31  Assimilator  
  92  6:33  Probe (Chrono Boost)  
  92  6:34  Zealot x2  
  92  6:36  Probe (Chrono Boost)  
  92  6:39  Probe (Chrono Boost)  
  98  6:40  Probe (Chrono Boost), Immortal  
  98  6:43  Probe (Chrono Boost)  
  98  6:44  Pylon  
  104  6:48  High Templar x2  
  108  6:58  Gateway  
  108  7:00  Gateway  
  108  7:05  High Templar x2, Pylon x2  
  112  7:09  Protoss Ground Weapons Level 2 (Chrono Boost)  
  112  7:17  Pylon  
  112  7:19  Immortal (Chrono Boost)  
  112  7:20  Photon Cannon  
  112  7:22  Shield Battery  
  116  7:34  High Templar  
  118  7:38  Nexus  
  118  7:39  Pylon  
  118  7:43  Zealot x2, Pylon  
  122  7:49  Immortal (Chrono Boost)  
  122  7:54  High Templar  
  122  7:55  High Templar  
  130  7:59  Phoenix  
  130  8:00  Photon Cannon  
  130  8:01  Shield Battery  
  130  8:11  Archon, Photon Cannon  
  130  8:12  High Templar x2  
  134  8:13  Photon Cannon  
  134  8:14  Zealot  
  134  8:16  Photon Cannon  
  134  8:17  Shield Battery, Archon  
  134  8:18  Immortal  
  134  8:19  Probe x2  
  142  8:20  Probe, Shield Battery  
  143  8:28  Fleet Beacon  
  143  8:31  Probe  
  143  8:32  Probe, Zealot  
  143  8:33  Assimilator  
  147  8:35  Assimilator  
  147  8:38  Zealot x2  
  151  8:42  Zealot x2  
  151  8:48  Zealot  
  157  8:57  Observer (Chrono Boost)  
  157  9:00  Stargate  
  157  9:01  Stargate  
  158  9:07  Photon Cannon  
  158  9:08  Pylon  
  158  9:13  High Templar x2  
  158  9:14  Zealot x4  
  170  9:17  Archon  
  170  9:21  Protoss Ground Weapons Level 3 (Chrono Boost)  
  170  9:24  Pylon  
  170  9:25  Pylon  
  170  9:26  Immortal (Chrono Boost)  
  170  9:27  Pylon  
  160  9:40  Zealot x6  
  172  9:49  Photon Cannon  
  172  9:51  Pylon  
  172  9:56  Zealot x2  
  166  10:07  High Templar x4  
  166  10:09  High Templar, Zealot  
  178  10:14  Archon  
  178  10:15  Archon  
  178  10:19  Photon Cannon  
  178  10:21  Immortal  
  176  10:22  Mothership  
  180  10:33  Zealot x3  
  192  10:39  Tempest (Chrono Boost)  
  192  10:41  Tempest (Chrono Boost)  
  192  10:50  Zealot x3  
  192  10:51  Zealot  
  192  10:55  Zealot x3  
  186  11:08  Immortal  
  186  11:09  Tempest  
  196  11:13  Zealot  
  188  11:26  Pylon  
  188  11:29  Zealot x3  
  188  11:33  Pylon  
  188  11:35  Pylon  
  188  11:39  Zealot x2  
  182  11:42  Zealot x3  
  182  11:43  Tempest (Chrono Boost)  
  182  11:44  Tempest (Chrono Boost)  
  190  11:50  Zealot x3, Carrier (Chrono Boost)  
  190  12:01  High Templar x2  
  190  12:05  Archon  
  190  12:07  Protoss Shields Level 1 (Chrono Boost)  
  192  12:09  Graviton Catapult  
  192  12:11  Protoss Air Weapons Level 1  
  192  12:21  Zealot x5  
  192  12:22  Nexus  
  192  12:23  Pylon  
  192  12:27  Zealot  
  172  12:35  Zealot x2  
  166  12:43  High Templar x5  
  163  12:47  Zealot  
  139  13:04  Zealot, Carrier (Chrono Boost)  
  139  13:05  Zealot  
  141  13:10  Immortal (Chrono Boost)  
  141  13:11  Zealot  
  141  13:16  Zealot x5  
  155  13:22  Probe  
  155  13:24  Photon Cannon  
  155  13:26  Photon Cannon  
  154  13:27  Zealot x2, Photon Cannon  
  150  13:34  Zealot  
  150  13:40  Zealot x3  
  150  13:41  Zealot  
  145  13:47  Zealot  
  142  13:59  Nexus  
  142  14:09  High Templar x7  
  156  14:13  Archon  
  156  14:14  Archon x2  
  156  14:23  Zealot  
  158  14:34  Pylon  
  158  14:38  Void Ray x2 (Chrono Boost)  
  156  14:58  Stalker x2  
  154  15:03  Archon  
  154  15:06  Zealot x3  
  116  15:17  Zealot x2  
  116  15:20  High Templar  
  107  15:38  Stalker x3  
  113  15:52  Zealot x3  
  103  15:59  Zealot x2  
  103  16:02  Zealot  
Show
View Real Time Build Order
Export as new Build Order

Serral Zerg - Winner!

Build Orders: Hatch First, Lurkers 

Get SALT Encoding   

  12  0:00  Drone  
  13  0:14  Overlord  
  13  0:17  Drone  
  14  0:32  Drone x2  
  16  0:36  Drone  
  17  0:51  Hatchery  
  17  0:54  Drone  
  17  0:57  Drone  
  18  1:08  Extractor  
  17  1:12  Spawning Pool  
  17  1:15  Drone  
  17  1:19  Drone  
  18  1:29  Drone  
  19  1:40  Overlord  
  19  1:51  Drone  
  20  1:59  Queen  
  22  2:01  Zergling x2  
  22  2:03  Queen  
  22  2:04  Drone  
  22  2:08  Metabolic Boost  
  26  2:12  Drone  
  26  2:15  Drone  
  28  2:25  Drone x2  
  30  2:36  Drone  
  31  2:38  Hatchery  
  30  2:44  Pneumatized Carapace  
  30  2:47  Drone  
  30  2:51  Overlord  
  31  2:53  Zergling x2  
  31  2:56  Zergling x2  
  33  2:59  Zergling x2  
  34  3:06  Drone  
  34  3:07  Zergling x2  
  34  3:10  Queen  
  34  3:12  Drone  
  39  3:13  Drone  
  39  3:18  Drone x2  
  42  3:28  Drone  
  42  3:29  Drone  
  42  3:32  Spore Crawler  
  43  3:44  Drone  
  43  3:47  Overlord  
  43  3:49  Queen  
  43  3:50  Overlord, Spore Crawler  
  43  3:51  Drone x3  
  43  3:54  Drone  
  48  3:59  Drone x2  
  50  4:06  Lair  
  50  4:08  Drone x3  
  53  4:13  Overlord  
  53  4:16  Drone x2  
  55  4:21  Spore Crawler  
  55  4:24  Overlord  
  54  4:26  Drone  
  54  4:27  Drone x2  
  54  4:30  Overlord  
  57  4:33  Drone x3  
  57  4:38  Queen  
  60  4:41  Overlord  
  60  4:43  Zergling x4  
  64  4:47  Extractor x2  
  64  4:51  Zergling x10  
  67  4:55  Overlord  
  67  4:56  Drone x2  
  68  5:00  Drone x3  
  68  5:02  Overlord  
  71  5:08  Drone x2  
  71  5:09  Hydralisk Den  
  71  5:10  Drone x2  
  71  5:13  Extractor  
  73  5:14  Evolution Chamber  
  73  5:18  Drone x3  
  75  5:21  Overlord  
  75  5:26  Extractor  
  75  5:27  Drone x2  
  76  5:28  Evolution Chamber  
  76  5:30  Drone x4  
  79  5:37  Drone x6  
  79  5:41  Zerg Missile Weapons Level 1  
  85  5:45  Drone x2  
  87  5:55  Zerg Ground Armor Level 1, Extractor, Muscular Augments  
  86  6:00  Hatchery  
  86  6:02  Hydralisk  
  87  6:06  Overseer  
  87  6:08  Drone x5  
  87  6:11  Overlord  
  92  6:13  Hydralisk  
  92  6:14  Hydralisk  
  95  6:24  Drone x6  
  95  6:25  Drone  
  98  6:29  Drone  
  98  6:30  Drone  
  100  6:34  Infestation Pit  
  100  6:35  Lurker Den  
  98  6:40  Drone x2, Roach Warren  
  98  6:43  Drone x2  
  101  6:51  Hydralisk x3  
  107  6:55  Overlord  
  107  6:56  Hydralisk  
  107  6:58  Overlord  
  107  7:00  Overlord  
  109  7:05  Drone x4  
  113  7:09  Extractor  
  113  7:10  Extractor  
  113  7:12  Hive  
  111  7:16  Drone x2  
  111  7:17  Drone x3  
  111  7:21  Glial Reconstitution  
  116  7:26  Overlord  
  116  7:27  Queen  
  116  7:28  Drone x2  
  120  7:32  Hatchery  
  120  7:35  Zerg Missile Weapons Level 2  
  120  7:36  Hydralisk  
  119  7:43  Hydralisk x3  
  127  7:48  Overlord x2  
  127  7:51  Roach x2  
  131  7:54  Zerg Ground Armor Level 2  
  131  7:59  Overlord  
  131  8:08  Hydralisk x4  
  131  8:09  Roach x4  
  146  8:14  Drone x2  
  146  8:18  Hydralisk  
  146  8:19  Roach x4  
  158  8:25  Adaptive Talons  
  158  8:26  Extractor  
  157  8:38  Hydralisk x3  
  157  8:39  Roach  
  157  8:40  Roach  
  167  8:43  Overlord  
  167  8:44  Overlord x3  
  167  8:49  Roach x3  
  167  8:51  Overlord x2  
  173  8:55  Overlord  
  173  9:00  Overseer  
  173  9:07  Lurker  
  173  9:09  Hydralisk x9, Lurker x3  
  179  9:10  Roach  
  179  9:14  Queen  
  199  9:19  Hydralisk  
  199  9:21  Roach  
  197  9:30  Roach x2  
  191  9:43  Hydralisk x4  
  195  9:54  Lurker x5  
  192  10:03  Roach x4  
  200  10:17  Spire, Zerg Ground Armor Level 3, Zerg Missile Weapons Level 3  
  197  10:28  Roach  
  197  10:39  Hydralisk x6  
  197  10:47  Roach  
  181  10:56  Roach x16  
  200  11:02  Hydralisk  
  200  11:03  Hydralisk x3  
  200  11:12  Overlord  
  200  11:13  Hydralisk x4  
  200  11:14  Hatchery  
  200  11:16  Overlord x3  
  190  11:22  Roach  
  190  11:25  Overlord  
  185  11:29  Hydralisk x10  
  190  11:33  Greater Spire  
  183  11:43  Hydralisk x12  
  183  11:46  Zergling x10  
  198  11:58  Hydralisk  
  198  11:59  Hydralisk x5  
  200  12:13  Overseer x2  
  200  12:22  Roach x6  
  200  12:27  Hydralisk x5  
  197  12:36  Roach x5  
  176  12:47  Overseer x3  
  162  12:54  Hydralisk x3  
  162  12:55  Hydralisk x2  
  162  12:56  Roach x16  
  190  13:06  Roach x4  
  196  13:22  Hydralisk  
  192  13:38  Corruptor x8  
  198  13:42  Drone x2, Extractor  
  187  13:54  Hatchery, Corruptor x5  
  190  14:00  Zerg Flyer Weapons Level 1  
  190  14:03  Overseer  
  190  14:11  Extractor  
  190  14:15  Extractor  
  188  14:18  Drone  
  188  14:20  Hydralisk  
  188  14:21  Hydralisk x4  
  188  14:22  Overseer  
  199  14:38  Hydralisk x6  
  187  14:46  Hydralisk x6  
  195  15:04  Hydralisk x14  
  191  15:10  Roach x4  
  193  15:14  Roach  
  193  15:18  Hydralisk x2  
  193  15:20  Roach  
  181  15:22  Overlord  
  181  15:24  Overlord  
  181  15:34  Overlord  
  179  15:38  Overseer  
  191  15:43  Overseer  
  191  15:49  Roach x7  
Tags
 
Add a new tag
Caveats
  • Supply blocks, unpowered buildings, or Contaminate may cause inaccurate times.
  • Supply counts are checked every 10 seconds.